 Dungeon Crawl Stone Soup version 0.27.1-3-gb3d3a73c9e (webtiles) character file.

Game seed: 7608978030703622815

5471 loralnil the Destroyer (level 10, -11/69 HPs)
             Began as a Yellow Draconian Earth Elementalist on Oct 8, 2021.
             Was a Follower of Sif Muna.
             Shot with an arrow by a centaur warrior (19 damage)
             ... on level 9 of the Dungeon.
             The game lasted 00:17:50 (12474 turns).

loralnil the Destroyer (DrEE)                      Turns: 12474, Time: 00:17:51

Health: -11/69     AC: 13    Str: 10    XL:     10   Next: 42%
Magic:  7/21       EV: 12    Int: 19    God:    Sif Muna [*.....]
Gold:   332        SH:  0    Dex: 12    Spells: 13/23 levels left

rFire    . . .     SeeInvis .   D - staff of earth
rCold    + . .     Faith    .   (no shield)
rNeg     . . .     Spirit   .   (armour unavailable)
rPois    .         Reflect  .   (helmet restricted)
rElec    .         Harm     .   (no cloak)
rCorr    +         Rampage  .   o - +2 pair of gloves {archery}
Will     .....                  E - +2 pair of boots
Stlth    ++........             (no amulet)
HPRegen  0.21/turn              g - ring of protection from cold
MPRegen  0.17/turn              s - ring of wizardry

@: marked
A: spit acid, AC +7, unfitting armour, cold-blooded, acid resistance
a: Breathe Acid, Renounce Religion, Channel Magic


You were on level 9 of the Dungeon.
You worshipped Sif Muna.
Sif Muna was aware of your devotion.
You visited 2 branches of the dungeon, and saw 10 of its levels.
You also visited: Sewer.

You collected 332 gold pieces.

Inventory:

Hand Weapons
 F - a +5 flail
Missiles
 b - 389 stones
 C - a throwing net
Armour
 o - a +2 pair of gloves of archery (worn)
 E - a +2 pair of boots (worn)
Magical Staves
 n - a staff of conjuration
 D - a staff of earth (weapon)
Jewellery
 g - a ring of protection from cold (left hand)
 r - a ring of willpower
 s - a ring of wizardry (right hand)
 z - an amulet of guardian spirit
Wands
 u - a wand of acid (7)
 w - a wand of flame (21)
Scrolls
 a - 4 scrolls of fog
 c - a scroll of amnesia {unknown}
 e - a scroll of fear {unknown}
 f - 5 scrolls of enchant armour
 i - a scroll of blinking
 k - 2 scrolls of magic mapping
 l - 2 scrolls of brand weapon
 t - a scroll of enchant weapon {unknown}
 y - 2 scrolls of summoning {unknown}
Potions
 d - 3 potions of attraction
 h - a potion of haste
 j - 4 potions of curing
 m - a potion of magic {unknown}
 p - a potion of brilliance {unknown}
 q - 2 potions of ambrosia
 x - a potion of invisibility {unknown}
 A - a potion of might {unknown}
 B - 3 potions of heal wounds {unknown}


   Skills:
 - Level 2.1 Dodging
 - Level 2.1 Stealth
 + Level 7.4 Spellcasting
 * Level 10.7 Conjurations
 - Level 1.5 Transmutations
 + Level 8.4 Earth Magic


You had 13 spell levels left.
You knew the following spells:

 Your Spells              Type           Power      Damage    Failure   Level
a - Sandblast             Erth           100%       2d20      1%          1
b - Passwall              Tmut/Erth      31%        N/A       1%          2
c - Stone Arrow           Conj/Erth      100%       3d13      1%          3
d - Petrify               Tmut/Erth      38%        N/A       4%          4

Your spell library contained the following spells:

 Spells                   Type           Power      Damage    Failure   Level
 Sting                    Tmut/Pois      40%        1d5       2%          1
 Slow                     Hex            7%         N/A       6%          2
 Confusing Touch          Hex            7%         N/A       12%         3
 Gell's Gravitas          Tloc           3%         N/A       12%         3
 Inner Flame              Hex/Fire       7%         N/A       12%         3
 Teleport Other           Tloc           7%         N/A       12%         3
 Vampiric Draining        Necr           3%         2d6       12%         3
 Borgnjor's Vile Clutch   Necr/Erth      17%        N/A       19%         5
 Animate Dead             Necr           3%         N/A       34%         4
 Cause Fear               Hex            3%         N/A       34%         4
 Death Channel            Necr           3%         N/A       99%         6
 Dispersal                Tloc           3%         N/A       99%         6
 Discord                  Hex            3%         N/A       100%        8


Dungeon Overview and Level Annotations

Branches:
Dungeon (9/15)             Temple (1/1) D:6           Sewer (visited)
   Lair: D:8-11         Orc: D:9-12

Altars:
Ashenzari
Elyvilon
Kikubaaqudgha
Makhleb
Nemelex Xobeh
Ru
Sif Muna
Trog
Uskayaw
Vehumet
Wu Jian
Xom
Yredelemnul
Zin
The Shining One

Shops:
D:7 (   D:9 !

Annotations:
D:9 Harold


Innate Abilities, Weirdness & Mutations

You can spit globs of acid.
Your golden yellow scales are hard. (AC +7)
You cannot fit into any form of body armour.
You are cold-blooded and may be slowed by cold attacks.
You are resistant to acid. (rCorr)


Message History

Your surroundings suddenly seem different.
A centaur warrior comes into view. It is wielding a +0 triple sword.
Found 14 stones.
Found Omajociarph's Distillery.
The centaur warrior moves out of view.
The centaur warrior unwields a +0 triple sword.
The centaur warrior wields a +0 longbow.
The centaur warrior shoots an arrow.
The arrow misses you.
The centaur warrior shoots an arrow.
The arrow completely misses you.
The centaur warrior shoots an arrow.
The arrow hits you!
The centaur warrior shoots an arrow.
The arrow hits you!!
Casting: Stone Arrow (safe; 1% risk of failure)
Confirm with . or Enter, or press ? or * to list all spells.
Aiming: Stone Arrow (safe; 1% risk of failure)
Press: ? - help, Shift-Dir - straight line, f - centaur warrior
Aim: a centaur warrior, wielding a +0 longbow and quivering arrows (84% to hit)
You feel a surge of power!
The stone arrow hits the centaur warrior!
The centaur warrior is moderately wounded.
The centaur warrior shoots an arrow.
The arrow hits you.
Casting: Stone Arrow (safe; 1% risk of failure)
Confirm with . or Enter, or press ? or * to list all spells.
Aiming: Stone Arrow (safe; 1% risk of failure)
Press: ? - help, Shift-Dir - straight line, f/p - centaur warrior
Aim: a centaur warrior, wielding a +0 longbow and quivering arrows (moderately wounded, 84% to hit)
You feel a surge of power!
The stone arrow hits the centaur warrior!!
The centaur warrior is heavily wounded.
The centaur warrior shoots an arrow.
The arrow hits you!
* * * LOW HITPOINT WARNING * * *
The centaur warrior shoots an arrow.
The arrow closely misses you.
Casting: Stone Arrow (safe; 1% risk of failure)
Confirm with . or Enter, or press ? or * to list all spells.
Aiming: Stone Arrow (safe; 1% risk of failure)
Press: ? - help, Shift-Dir - straight line, f/p - centaur warrior
Aim: a centaur warrior, wielding a +0 longbow and quivering arrows (heavily wounded, 84% to hit)
You feel a surge of power!
The stone arrow hits the centaur warrior!
The centaur warrior is severely wounded.
The centaur warrior shoots an arrow.
The arrow hits you!!
You die...

############
#.....##...#
#........@.#
#.....c###.......
#......#∩#.######
###....#'#...
#.(......###
#.........
#.......##
#.......# .#


You could see a centaur warrior.

Vanquished Creatures
  An ice dragon (D:9)
  A faun (shapeshifter) (D:9)
  A hornet (D:8)
  Sigmund (D:3)
  A vampire (D:9)
  A yak (D:9)
  2 steam dragons
  A water moccasin (D:8)
  5 orc warriors
  2 ice beasts
  A sky beast (D:5)
  3 necrophages
  An ogre (D:6)
  A centaur (D:9)
  Blork the orc (D:4)
  5 bullfrogs
  6 kobold brigands
  A scorpion (D:6)
  3 water moccasin zombies
  A killer bee (D:9)
  6 wights (D:8)
  A howler monkey (D:5)
  2 orc priests
  2 hounds (D:6)
  4 jellies
  A centaur skeleton (D:5)
  3 gnoll shamans
  An iguana (D:6)
  6 orc wizards (D:9)
  A hound skeleton (D:5)
  A howler monkey zombie (D:9)
  A howler monkey skeleton (D:7)
  11 gnolls
  12 adders
  2 river rats (Sewer)
  A shadow imp (D:6)
  A white imp (D:5)
  A worm (D:3)
  9 orcs
  7 endoplasms
  8 giant cockroaches
  4 goblins
  7 hobgoblins
  6 jackals (D:1)
  15 kobolds
  7 quokkas
  8 ball pythons
  3 bats (D:1)
  4 frilled lizards
  8 rats
182 creatures vanquished.

Vanquished Creatures (others)
  A plant (D:2)
1 creature vanquished.

Grand Total: 183 creatures vanquished

Notes
Turn   | Place    | Note
-------+----------+-------------------------------------------
     0 | D:1      | loralnil the Draconian Earth Elementalist began the quest
                  | for the Orb.
     0 | D:1      | Reached XP level 1. HP: 14/14 MP: 3/3
   195 | D:1      | Reached XP level 2. HP: 11/20 MP: 0/5
   958 | D:1      | Reached XP level 3. HP: 26/26 MP: 6/6
   961 | D:1      | Learned a level 2 spell: Passwall
   965 | D:1      | Learned a level 3 spell: Stone Arrow
  1710 | D:2      | Reached skill level 1 in Conjurations
  2471 | D:3      | Noticed Sigmund
  2538 | D:3      | Killed Sigmund
  2539 | D:3      | Reached skill level 3 in Conjurations
  2539 | D:3      | Reached XP level 4. HP: 11/33 MP: 2/8
  2539 | D:3      | Reached XP level 5. HP: 13/38 MP: 2/9
  2776 | D:3      | Noticed a necrophage
  2789 | D:3      | Killed a necrophage
  2790 | D:3      | Reached XP level 6. HP: 44/45 MP: 1/10
  2936 | D:3      | Found a faded altar of an unknown god.
  2978 | D:3      | Got Plato's Reference Book on Intoxication
  3742 | D:4      | Found a white marble altar of Elyvilon.
  4329 | D:4      | Found a glowing silver altar of Zin.
  4329 | D:4      | Found a sparkling altar of Nemelex Xobeh.
  4331 | D:4      | Found a glowing golden altar of the Shining One.
  4363 | D:4      | Found a broken altar of Ashenzari.
  4365 | D:4      | Found a hide-covered altar of Uskayaw.
  4428 | D:5      | Entered Level 5 of the Dungeon
  4428 | D:5      | Noticed an orc warrior
  4428 | D:5      | Noticed Blork the orc
  4434 | D:4      | Killed Blork the orc
  4435 | D:4      | Reached skill level 4 in Conjurations
  4505 | D:5      | Killed an orc warrior
  4506 | D:5      | Your scales start taking on a golden yellow colour.
  4506 | D:5      | Reached XP level 7. HP: 47/50 MP: 5/12
  4506 | D:5      | Gained mutation: You are resistant to acid. (rCorr) [Yellow
                  | Draconian growth]
  4598 | D:5      | Learned a level 4 spell: Petrify
  4608 | D:5      | Reached skill level 5 in Conjurations
  4851 | D:5      | Reached skill level 5 in Earth Magic
  5390 | D:5      | Reached skill level 6 in Conjurations
  5531 | D:5      | Reached XP level 8. HP: 57/57 MP: 10/14
  5944 | D:5      | Found a radiant altar of Vehumet.
  6085 | D:6      | Found a glowing drain.
  6143 | Sewer    | Entered a sewer
  6975 | Sewer    | Reached skill level 5 in Spellcasting
  7008 | Sewer    | Reached skill level 7 in Conjurations
  7688 | D:6      | Found a staircase to the Ecumenical Temple.
  7699 | Temple   | Entered the Ecumenical Temple
  7714 | Temple   | Became a worshipper of Sif Muna the Loreminder
  7779 | D:6      | Reached skill level 8 in Conjurations
  7779 | D:6      | Reached XP level 9. HP: 62/62 MP: 10/17
  9238 | D:7      | Found a shimmering altar of Xom.
  9238 | D:7      | Found a shimmering altar of Xom.
  9239 | D:7      | Found a shimmering altar of Xom.
  9241 | D:7      | Found a shimmering altar of Xom.
  9617 | D:7      | Noticed a jumping spider
  9617 | D:7      | Noticed a cyclops
  9617 | D:7      | a cyclops changed into a tarantella
  9622 | D:7      | Noticed a swamp dragon
  9622 | D:7      | a tarantella changed into a swamp dragon
  9636 | D:7      | Noticed a harpy
  9636 | D:7      | a jumping spider changed into a harpy
  9644 | D:7      | Noticed a lindwurm
  9644 | D:7      | a swamp dragon changed into a lindwurm
  9716 | D:7      | Found Byatream's Weapon Boutique.
  9958 | D:8      | Reached skill level 9 in Conjurations
  9966 | D:8      | Reached * piety under Sif Muna
 10500 | D:8      | Found an ornate altar of the Wu Jian Council.
 10974 | D:9      | Noticed an ice dragon
 10998 | D:9      | Killed an ice dragon
 10999 | D:9      | Reached skill level 10 in Conjurations
 10999 | D:9      | Reached XP level 10. HP: 62/69 MP: 4/20
 11714 | D:9      | Noticed a boulder beetle
 11718 | D:9      | Noticed a purple ugly thing
 12146 | D:9      | Noticed a faun
 12166 | D:9      | Killed a faun
 12444 | D:9      | Noticed Harold
 12448 | D:9      | Noticed a two-headed ogre
 12464 | D:9      | Noticed a cyan ugly thing
 12465 | D:9      | Found Omajociarph's Distillery.
 12465 | D:9      | Noticed a centaur warrior
 12474 | D:9      | Shot with an arrow by a centaur warrior

Illustrated notes

Levels and vault maps discovered:
D:1:      beargit_arrival_greenhouse, layout_basic
D:2:      layout_basic, serial_bayou, serial_bayou_ford_a, serial_bayou_shore_a,
          serial_bayou_crossing, serial_bayou_lagoon_a,
          chequers_decorated_corner
D:3:      layout_loops_ring, shapermc_ecumenical_altar_rom_forum,
          minmay_crystal_water, uniq_sigmund
D:4:      layout_loops_ring, lemuel_round_altar, nicolae_overflow_hidden_temple
D:5:      layout_cave_pools, vehumet_crystals, serial_glass, glass_columns_b,
          glass_columns_a, amcnicky_mini_corridor_feature, st_stairs_11,
          uniq_blork_the_orc
D:6:      layout_basic, minmay_temple_entry_large_hall, portal_sewer_entry_f,
          serial_glass, glass_columns_a, glass_columns_a, st_stairs_2
D:7:      layout_gridville, xom_shifter_show, serial_shops,
          nicolae_shop_waterfront
D:8:      layout_rooms, marbit_many_paths, serial_rivers,
          chequers_serial_rivers_large_a, chequers_serial_rivers_micro_a,
          chequers_serial_rivers_small_3, chequers_serial_rivers_micro_b,
          chequers_serial_rivers_small_b
D:9:      minmay_the_grid_3x3 [minmay_the_grid_large_cup,
          minmay_the_grid_zigzag_pyramid, minmay_the_grid_mess,
          minmay_the_grid_stretched_grid, minmay_the_grid_minigrid_medium,
          minmay_the_grid_square_x, minmay_the_grid_tree, minmay_the_grid_eight,
          minmay_the_grid_prize_four_corners], layout_basic, serial_shops,
          nicolae_shop_window_shopping, uniq_harold
Temple:   dshaligram_water_room_temple

Skill      XL: |  1  2  3  4  5  6  7  8  9 10 |
---------------+-------------------------------+-----
Stealth        | 2 |  2.1
Dodging        | 2 |  2.1
Conjurations   | 3 4 6 8 10 | 10.7
Spellcasting   | 3 4 5 6 7 |  7.4
Earth Magic    | 4 5 6 7 8 |  8.4
Transmutations | |  1.5

Action                   |  1- 3 |  4- 6 |  7- 9 | 10-12 || total
-------------------------+-------+-------+-------+-------++-------
Melee: Unarmed           |    34 |       |       |       ||    34
       Short sword       |   116 |       |       |       ||   116
       Tailslap          |    13 |     3 |     1 |     1 ||    18
       Staff             |       |    21 |    31 |    11 ||    63
 Cast: Sandblast         |    29 |    12 |    24 |     3 ||    68
       Stone Arrow       |       |    14 |   146 |    51 ||   211
 Abil: Breathe Acid      |       |       |     1 |       ||     1
  Use: Scroll            |       |       |     9 |     3 ||    12
 Stab: Sleeping          |     5 |     1 |       |       ||     6
Armor: Skin              |    48 |    10 |    28 |    17 ||   103
Dodge: Dodged            |   122 |    20 |    71 |    16 ||   229
